 Dungeon Crawl Stone Soup version 0.30.0 (webtiles) character file.

Game seed: 461995111184627678

68408 buriedalive the Spry (level 14, -12/112 HPs)
             Began as a Deep Elf Ice Elementalist on May 5, 2023.
             Was an Elder of Ashenzari.
             Drowned by a drowned soul (17 damage)
             ... summoned by a merfolk avatar
             ... on level 5 of the Lair of Beasts.
             The game lasted 01:14:08 (25520 turns).

buriedalive the Spry (Deep Elf Ice Elementalist)   Turns: 25520, Time: 01:14:08

Health: -12/112    AC: 30    Str:  5    XL:     14   Next: 86%
Magic:  28/38      EV: 24    Int: 30    God:    Ashenzari [****..]
Gold:   992        SH:  5    Dex: 18    Spells: 12/32 levels left

rFire   + . .        a - +8 dagger "Ruined With Me" {pain, rC+ Str+2 Int+4, Self, Elem} (curse)
rCold   + + .        (no shield)
rNeg    . . .        F - +2 robe "Circumscribed With Me" {rF+, Elem, Alch} (curse)
rPois   .            D - +1 helmet of Ashenzari's Augurer {Fort, Cun} (curse)
rElec   .            q - +2 cloak "Vision of Ashenzari" {Fort, Self} (curse)
rCorr   +            m - +2 pair of gloves of Panopticon {Elem, Cun} (curse)
SInv    +            V - +5 pair of boots of the Stellar Atheism {rCorr, Bglg, Fort} (curse)
Will    +....        W - amulet "Paun" {Reflect rF+ SH+5}
Stlth   +++          H - ring of the Shackled Omen {Fly MP+9 Dex+3, Alch, Comp} (curse)
HPRegen 0.38/turn    i - ring of ice
MPRegen 0.26/turn

%: reflection, clarity
@: ice-armoured, freezing walls, flying
A: talons 1, robust 1, weak 1
a: Renounce Religion, Curse Item, Shatter the Chains


You were on level 5 of the Lair of Beasts.
You worshipped Ashenzari.
Ashenzari was greatly pleased with you.
You visited 3 branches of the dungeon, and saw 21 of its levels.
You also visited: Gauntlet and Volcano.

You collected 1379 gold pieces.
You spent 387 gold pieces at shops.

Inventory:

Hand Weapons
 a - the cursed +8 dagger "Ruined With Me" (weapon) {pain, rC+ Str+2 Int+4, Self, Elem}
   (You found it on level 4 of the Dungeon)

   Str:       It affects your strength (+2).
   Int:       It affects your intelligence (+4).
   rC:        It protects you from cold.
   It has a curse which improves the following skills: Introspection: Fighting
   and Spellcasting.
   Elements:  Fire Magic, Ice Magic, Air Magic and Earth Magic.
 b - the +1 war axe "Suamips" {flame, rPois rC+ rN+}
   (You found it on level 3 of the Dungeon)

   rC:        It protects you from cold.
   rPois:     It protects you from poison.
   rN:        It protects you from negative energy.
 X - the +0 sling "Ogex" {freeze, Will+ Int+4}
   (You took it off a minotaur in a Gauntlet)

   Int:       It affects your intelligence (+4).
   Will:      It increases your willpower.
Missiles
 e - 123 stones
 f - 11 poisoned darts
 k - 6 throwing nets
 y - 14 curare-tipped darts
 N - 14 silver boomerangs
Armour
 m - the cursed +2 pair of gloves of Panopticon (worn) {Elem, Cun}
   (You found it on level 2 of the Dungeon)

   It has a curse which improves the following skills: Elements: Fire Magic, Ice
   Magic, Air Magic and Earth Magic.
   Cunning:   Dodging and Stealth.
 q - the cursed +2 cloak "Vision of Ashenzari" (worn) {Fort, Self}
   (You bought it in a shop on level 5 of the Dungeon)

   It has a curse which improves the following skills: Fortitude: Armour and
   Shields.
   Introspection: Fighting and Spellcasting.
 D - the cursed +1 helmet of Ashenzari's Augurer (worn) {Fort, Cun}
   (You bought it in a shop on level 7 of the Dungeon)

   It has a curse which improves the following skills: Fortitude: Armour and
   Shields.
   Cunning:   Dodging and Stealth.
 F - the cursed +2 robe "Circumscribed With Me" (worn) {rF+, Elem, Alch}
   (You bought it in a shop on level 7 of the Dungeon)

   It has a curse which improves the following skills: Elements: Fire Magic, Ice
   Magic, Air Magic and Earth Magic.
   Alchemy:   Poison Magic and Transmutations.
 S - a +2 cloak of preservation
 V - the cursed +5 pair of boots of the Stellar Atheism (worn) {rCorr, Bglg, Fort}
   (You found it in a Gauntlet)

   rCorr:     It protects you from acid and corrosion.
   It has a curse which improves the following skills: Beguiling: Conjurations,
   Hexes and Translocations.
   Fortitude: Armour and Shields.
Magical Staves
 v - a staff of earth
Jewellery
 i - a ring of ice (right hand)
 w - an amulet of the acrobat
 H - the cursed ring of the Shackled Omen (left hand) {Fly MP+9 Dex+3, Alch, Comp}
   (You found it on level 8 of the Dungeon)

   [ring of flight]

   Dex:       It affects your dexterity (+3).
   MP:        It affects your magic capacity (+9).
   Fly:       It grants you flight.
   It has a curse which improves the following skills: Alchemy: Poison Magic and
   Transmutations.
   Companions: Summonings and Necromancy.
 K - a ring of ice
 O - a ring of ice
 P - a ring of protection from fire
 Q - a ring of wizardry
 U - an amulet of magic regeneration
 W - the amulet "Paun" (around neck) {Reflect rF+ SH+5}
   (You took it off a minotaur in a Gauntlet)

   [amulet of reflection]

   It reflects blocked missile attacks.
   rF:        It protects you from fire.
   SH:        It affects your SH (+5).
Wands
 j - a wand of flame (26)
 A - a wand of mindburst (8)
 Y - a wand of charming (6)
 Z - a wand of polymorph (2)
Scrolls
 h - a scroll of poison
 n - 12 scrolls of identify
 o - 4 scrolls of magic mapping
 r - 2 scrolls of fear
 t - 6 scrolls of teleportation
 C - 4 scrolls of blinking
 E - 5 scrolls of fog
 G - 4 scrolls of amnesia
 M - 2 scrolls of enchant armour
Potions
 c - a potion of haste
 g - 4 potions of curing
 l - a potion of ambrosia
 p - 3 potions of lignification
 s - 2 potions of berserk rage
 u - a potion of flight
 x - 3 potions of magic
 z - a potion of brilliance
 B - 3 potions of might
 R - a potion of cancellation
 T - a potion of mutation


   Skills:
 + Level 14.8(17.4) Fighting
 - Level 8.4(8.6) Short Blades
 - Level 2.2(5.3) Long Blades
 + Level 16.2(18.7) Dodging
 - Level 2.4(4.5) Stealth
 + Level 6.9(9.7) Spellcasting
 - Level 8.1(10.0) Necromancy
 - Level 6.0(7.8) Translocations
 - Level 9.5(13.1) Ice Magic


You had 12 spell levels left.
You knew the following spells:

 Your Spells              Type           Power      Damage    Failure   Level
a - Freeze                Ice            100%       1d10      0%          1
b - Ozocubu's Armour      Ice            96%        N/A       1%          3
c - Frozen Ramparts       Ice            100%       1d16      1%          3
d - Vampiric Draining     Necr           65%        2d10      1%          3
e - Blink                 Tloc           100%       N/A       1%          2
f - Agony                 Necr           65%        N/A       1%          5
g - Teleport Other        Tloc           58%        N/A       1%          3

Your spell library contained the following spells:

 Spells                   Type           Power      Damage    Failure   Level
 Apportation              Tloc           100%       N/A       1%          1
 Necrotise                Necr           100%       1d9       1%          1
 Lesser Beckoning         Tloc           100%       N/A       1%          2
 Momentum Strike          Conj/Tloc      76%        3d10      1%          2
 Gell's Gravitas          Tloc           58%        N/A       1%          3
 Volatile Blastmotes      Fire/Tloc      78%        2d16      1%          3
 Summon Ice Beast         Ice/Summ       70%        N/A       2%          4
 Magic Dart               Conj           60%        1d6       3%          1
 Sandblast                Erth           34%        2d9       3%          1
 Summon Small Mammal      Summ           60%        N/A       3%          1
 Call Imp                 Summ           30%        N/A       4%          2
 Passwall                 Tmut/Erth      14%        N/A       4%          2
 Scorch                   Fire           34%        2d6       4%          2
 Static Discharge         Conj/Air       32%        2-4/arc   4%          2
 Iskenderun's Mystic Bla  Conj/Tloc      38%        2d9       7%          4
 Dazzling Flash           Conj/Hex       30%        N/A       10%         3
 Mephitic Cloud           Conj/Pois/Air  16%        N/A       10%         3
 Stone Arrow              Conj/Erth      32%        3d9       10%         3
 Summon Guardian Golem    Hex/Summ       15%        N/A       10%         3
 Dispersal                Tloc           29%        N/A       22%         6
 Airstrike                Air            8%         2d(2-18)  28%         4
 Flame Wave               Conj/Fire      16%        2d7       30%         4
 Summon Lightning Spire   Summ/Air       16%        N/A       30%         4
 Starburst                Conj/Fire      8%         6d4       99%         6
 Summon Cactus Giant      Summ           7%         N/A       99%         6
 Malign Gateway           Summ/Tloc      19%        N/A       99%         7
 Orb of Destruction       Conj           7%         9d6       100%        7
 Spellforged Servitor     Conj/Summ      7%         N/A       100%        7
 Summon Horrible Things   Summ           7%         N/A       100%        8


Dungeon Overview and Level Annotations

Branches:
Dungeon (15/15)            Temple (1/1) D:7            Lair (5/5) D:11
  Swamp (0/4) Lair:2        Snake (0/4) Lair:2        Slime (0/5) Lair:5
    Orc (0/2) D:12         Vaults (0/5) D:14         Depths (0/4) D:15
Volcano (visited)         Gauntlet (visited)

Altars:
Ashenzari
Cheibriados
Dithmenos
Elyvilon
Fedhas
Gozag
Hepliaklqana
Kikubaaqudgha
Makhleb
Nemelex Xobeh
Okawaru
Qazlal
Ru
Sif Muna
Trog
Uskayaw
Vehumet
Wu Jian
Xom
Yredelemnul
Zin
The Shining One
Jiyva

Shops:
D:5 *   D:7 :*[[

Annotations:
D:11 1 runed translucent door, 13Fox's ghost, journeyman MiHu
Lair:2 1 runed translucent door, kmckee's ghost, journeyman MiFi


Innate Abilities, Weirdness & Mutations

You have sharp toenails.
You are robust. (+10% HP)
You are weak. (Str -2)


Message History

You feel better. The drowned soul touches you. The drowned soul drowns you!
* * * LOW HITPOINT WARNING * * *
The merfolk avatar chants a haunting song.
You are unaffected.
You feel better.
You feel better.
The merfolk avatar chants a haunting song.
You are unaffected.
You closely miss the drowned soul.
You punch the drowned soul, but do no damage.
The drowned soul touches you. The drowned soul drowns you!
* * * LOW HITPOINT WARNING * * *
The merfolk avatar chants a haunting song.
You are unaffected.
Unknown command.
Your icy armour will break if you move.
Continue?
Okay, then.
Your icy armour will break if you move.
Continue?
Your icy armour cracks and falls away as you move.
You block the drowned soul's attack.
You see here a phial of floods.
Casting: Freeze (safe; 0% risk of failure)
Confirm with . or Enter, or press ? or * to list all spells.
Casting: Frozen Ramparts (safe; 1% risk of failure)
Press: ? - help, Dir - look around, f - activate Some shallow water.
You feel a surge of power!
The walls around you are covered in ice.
The drowned soul completely resists.
The wall freezes the drowned soul but does no damage.
The drowned soul touches you. The drowned soul drowns you!
* * * LOW HITPOINT WARNING * * *
Casting: Frozen Ramparts (safe; 1% risk of failure)
Confirm with . or Enter, or press ? or * to list all spells.
You feel a surge of power! A film of ice covers your body!
The merfolk avatar chants a haunting song.
You are unaffected.
The drowned soul completely resists.
The wall freezes the drowned soul but does no damage.
The drowned soul touches you. The drowned soul drowns you!
You die...

.,, ~~ ~~~,.P#~~~ ~~~~~ ~
, . , ~ ~### #####~~~##*
###~ . * ~#~#.~8#⌠.#~~~#~
⌠# ~~*~ *
#**,~~.~~~#~#~~~... ~#~ ~
~* . ,,..~P#~~P#~~~~~
~~~~# ~ ~~ .
..~#~~~~#~.~~#~###~.. ~
~, *
...~~##~#~~~~~~#!)!!# ~*
~~
##..~~~~~~8.~~~.!WW$#~.#~
~ ~ ,
.....~~~~..~~~~.@mW!~~~#
~ ~ ~,
.....#~~~~~~~~~#[!$)#~~#~
, ~
....~##~.~#~#~8~#####~ *
, ~~ .#...~~~~~~~#~~.~~~~
~~ .P...~~~~~~~#~~~.~~.~
~ ~~ ~
.....##.#~~.#⌠~#~#.~~~
8~~ *
.....##~########~##k## *
, ###.~[~~~~~P.~~~~~
P~~~~~ ,~ ,
.###..~[~~~~P~~ .~~ ~~
~~~~ ~


You could see a merfolk avatar and 3 drowned souls.

Vanquished Creatures
  Rupert (Lair:3)
  Jorgrun (D:15)
  Kirke (Lair:3)
  A minotaur (Gauntlet)
  5 hydras
  Harold (D:13)
  An ogre mage (D:14)
  3 centaur warriors
  5 two-headed ogres
  2 boulder beetles
  A tengu warrior (D:14)
  Urug (Lair:3)
  2 deep elf knights (D:13)
  2 hell knights
  Nergalle (D:11)
  2 skysharks
  A sea snake (Lair:5)
  A salamander mystic (Volcano)
  A necromancer (Gauntlet)
  A wizard (D:13)
  A lindwurm (Lair:4)
  2 deep elf pyromancers
  An orc knight (Volcano)
  A shining eye (Gauntlet)
  8 cyclopes
  5 ugly things
  3 manticores
  5 salamanders (Volcano)
  A will-o-the-wisp (Lair:2)
  A salamander (shapeshifter) (D:13)
  An elephant (D:11)
  A black mamba (Lair:4)
  2 molten gargoyles (Volcano)
  A torpor snail (Gauntlet)
  5 gargoyles
  3 unseen horrors
  7 cane toads
  5 rime drakes
  An efreet (Volcano)
  9 komodo dragons
  A tengu conjurer (D:14)
  5 trolls
  A troll (shapeshifter) (D:13)
  2 wind drakes (Lair:5)
  4 hornets
  A polar bear (Lair:5)
  6 blink frogs
  6 dream sheep (Lair:3)
  14 slime creatures (D:13)
  A shadow (D:11)
  6 wraiths
  8 wyverns
  4 hogs (Lair:3)
  A vampire (D:9)
  17 yaks
  2 basilisks
  6 steam dragons
  9 vampire mosquitoes
  Menkaure (D:5)
  3 nagas (Lair:2)
  3 acid dragons
  8 water moccasins
  Duvessa (D:6)
  2 floating eyes (Gauntlet)
  5 orc warriors
  2 black bears
  A sky beast (D:6)
  2 ice beasts (D:7)
  An ogre (D:5)
  11 wolves
  8 centaurs
  Blork the orc (D:5)
  2 kobold brigands
  12 bullfrogs
  2 gnoll sergeants
  3 scorpions
  4 wights (D:9)
  Dowan (D:6)
  9 killer bees
  7 electric eels
  5 howler monkeys
  3 lava snakes (Lair:1)
  3 jellies
  5 hounds
  7 orc priests
  11 orc wizards
  4 sleepcaps
  Natasha (D:4)
  3 iguanas
  2 scorpion zombies (D:4)
  3 hound zombies (D:4)
  10 gnolls
  3 adders
  2 white imps
  An adder skeleton (D:4)
  5 worms
  A dart slug (D:4)
  27 orcs
  7 ball pythons
  5 bats
  5 endoplasms
  4 giant cockroaches
  6 goblins
  6 hobgoblins
  7 jackals
  2 quokkas
  2 frilled lizards
  12 kobolds
  6 rats
438 creatures vanquished.

Vanquished Creatures (others)
  A salamander mystic (Volcano)
  12 foxfires (Lair:2)
  32 fungi
  54 plants
  19 withered plants
118 creatures vanquished.

Grand Total: 556 creatures vanquished

Notes
Turn   | Place    | Note
-------+----------+-------------------------------------------
     0 | D:1      | buriedalive the Deep Elf Ice Elementalist began the quest
                  | for the Orb.
     0 | D:1      | Reached XP level 1. HP: 10/10 MP: 6/6
   255 | D:1      | Reached XP level 2. HP: 15/15 MP: 6/8
   498 | D:1      | Reached skill level 3 in Dodging
  1070 | D:2      | Reached XP level 3. HP: 17/19 MP: 10/10
  1328 | D:2      | Found a faded altar of an unknown god.
  1328 | D:2      | Noticed a Hell Sentinel
  1403 | D:2      | Found a shadowy altar of Dithmenos.
  1568 | D:2      | Learned a level 3 spell: Ozocubu's Armour
  1572 | D:2      | Learned a level 3 spell: Frozen Ramparts
  2098 | D:3      | Reached skill level 5 in Ice Magic
  2154 | D:3      | Found an ancient bone altar of Kikubaaqudgha.
  2168 | D:3      | Reached XP level 4. HP: 10/24 MP: 6/12
  2632 | D:3      | Found a blossoming altar of Fedhas.
  2635 | D:3      | Found a glowing silver altar of Zin.
  2748 | D:3      | Reached skill level 4 in Dodging
  2800 | D:3      | Found a shimmering blue altar of Sif Muna.
  2867 | D:3      | Reached XP level 5. HP: 19/28 MP: 10/14
  2932 | D:3      | Identified the +1 war axe "Suamips" {flame, rPois rC+ rN+}
  2973 | D:4      | Reached skill level 5 in Spellcasting
  3080 | D:4      | Gained mutation: Your magical capacity is low. (-10% MP)
                  | [potion of mutation]
  3080 | D:4      | Gained mutation: You are weak. (Str -2) [potion of
                  | mutation]
  3080 | D:4      | Gained mutation: You sometimes lose your temper in combat.
                  | [potion of mutation]
  3080 | D:4      | Gained mutation: You have large cloven feet. [potion of
                  | mutation]
  3636 | D:4      | Noticed Natasha
  3664 | D:4      | Reached skill level 5 in Dodging
  3664 | D:4      | Reached XP level 6. HP: 32/32 MP: 11/14
  3726 | D:4      | Killed Natasha
  3727 | D:4      | Reached skill level 1 in Fighting
  3807 | D:4      | Identified the +8 dagger "Zizovo" {pain, rC+ Str+2 Int+4}
  3819 | D:4      | Learned a level 3 spell: Vampiric Draining
  4115 | D:5      | Entered Level 5 of the Dungeon
  4361 | D:5      | Noticed a steam dragon
  4397 | D:5      | Noticed Blork the orc
  4407 | D:5      | Killed Blork the orc
  4408 | D:5      | Reached XP level 7. HP: 18/39 MP: 5/15
  4552 | D:5      | Found Lolurgh's Neck Hole.
  4555 | D:5      | Bought a +0 cloak for 67 gold pieces
  4586 | D:5      | Noticed Menkaure
  4596 | D:5      | Killed Menkaure
  4597 | D:5      | Reached skill level 6 in Dodging
  5136 | D:5      | Killed a steam dragon
  5137 | D:5      | Reached skill level 7 in Dodging
  5137 | D:5      | Reached XP level 8. HP: 44/46 MP: 15/15
  5333 | D:6      | Noticed Duvessa
  5333 | D:6      | Noticed Dowan
  5338 | D:6      | Killed Dowan
  5339 | D:6      | Killed Duvessa
  5832 | D:6      | Reached skill level 8 in Dodging
  6223 | D:6      | Reached XP level 9. HP: 52/52 MP: 16/16
  6584 | D:7      | Found a staircase to the Ecumenical Temple.
  6602 | D:7      | Found Edepse's Antique Armour Shop.
  6610 | Temple   | Entered the Ecumenical Temple
  6862 | Temple   | Became a worshipper of Ashenzari the Shackled
  6942 | D:7      | Bought a shiny helmet for 232 gold pieces
  6958 | D:7      | Reached skill level 5 in Fighting
  7008 | D:7      | Reached skill level 9 in Dodging
  7043 | D:7      | Lost mutation: You have large cloven feet. [potion of
                  | mutation]
  7043 | D:7      | Lost mutation: Your magical capacity is low. (-10% MP)
                  | [potion of mutation]
  7043 | D:7      | Lost mutation: You sometimes lose your temper in combat.
                  | [potion of mutation]
  7043 | D:7      | Gained mutation: You have sharp toenails. [potion of
                  | mutation]
  7043 | D:7      | Gained mutation: You are robust. (+10% HP) [potion of
                  | mutation]
  7256 | D:7      | Found a bloodstained altar of Trog.
  7360 | D:7      | Found Copnac's Assorted Antiques.
  7494 | D:7      | Found Wuifecro's Book Boutique.
  7545 | D:7      | Found Ynyach's Antique Armour Shoppe.
  7619 | D:7      | Bought a glowing robe for 88 gold pieces
  7833 | D:7      | Found a faded altar of an unknown god.
  7833 | D:7      | Found a hazy altar of Hepliaklqana.
  7835 | D:7      | Found a faded altar of an unknown god.
  8024 | D:8      | Reached skill level 1 in Necromancy
  8536 | D:8      | Reached * piety under Ashenzari
  8583 | D:8      | Identified the ring "Vastroar" {Fly MP+9 Dex+3}
  8848 | D:8      | Reached skill level 10 in Fighting
  8848 | D:8      | Reached XP level 10. HP: 77/77 MP: 20/20
  9191 | D:9      | Reached skill level 1 in Short Blades
  9204 | D:9      | Reached ** piety under Ashenzari
  9227 | D:9      | Found a burning altar of Makhleb.
  9350 | D:9      | Reached XP level 11. HP: 61/83 MP: 22/22
 10367 | D:9      | Noticed a balrug
 10400 | D:9      | Found a shimmering altar of Xom.
 10466 | D:9      | Noticed a two-headed ogre
 10470 | D:9      | Reached skill level 5 in Necromancy
 10475 | D:9      | Killed a two-headed ogre
 10699 | D:10     | Entered Level 10 of the Dungeon
 11384 | D:10     | Reached *** piety under Ashenzari
 11913 | D:11     | Noticed Nergalle
 11916 | D:11     | Reached skill level 5 in Short Blades
 11927 | D:11     | Killed Nergalle
 12091 | D:11     | Noticed a two-headed ogre
 12100 | D:11     | Killed a two-headed ogre
 12243 | D:11     | Reached **** piety under Ashenzari
 12253 | D:11     | Found a staircase to the Lair.
 12564 | D:11     | Learned a level 2 spell: Blink
 12585 | D:11     | Reached XP level 12. HP: 90/96 MP: 26/26
 12629 | D:11     | Found a runed translucent door.
 12629 | D:11     | Noticed 13Fox's ghost (journeyman MiHu)
 12705 | D:11     | Reached skill level 10 in Dodging
 12705 | D:11     | Reached skill level 1 in Translocations
 13398 | D:12     | Found a staircase to the Orcish Mines.
 13435 | D:12     | Learned a level 5 spell: Agony
 13439 | D:12     | Learned a level 3 spell: Teleport Other
 13456 | D:12     | Noticed a two-headed ogre
 13466 | D:12     | Killed a two-headed ogre
 13716 | D:13     | Noticed a centaur warrior
 13719 | D:13     | Killed a centaur warrior
 13720 | D:13     | Reached skill level 11 in Dodging
 13829 | D:13     | Noticed a five-headed hydra
 13849 | D:13     | Killed a five-headed hydra
 14082 | D:13     | Reached skill level 5 in Translocations
 14353 | D:13     | Noticed a boulder beetle
 14417 | D:13     | Killed a boulder beetle
 14541 | D:13     | Noticed Harold
 14560 | D:13     | Noticed a centaur warrior
 14565 | D:13     | Killed Harold
 14566 | D:13     | Reached skill level 12 in Dodging
 14567 | D:13     | Reached XP level 13. HP: 38/103 MP: 27/27
 15428 | D:13     | Identified the ring "Reta" {rC+ EV+5}
 15798 | D:14     | Found a gate leading to a gauntlet.
 15813 | Gauntlet | Entered a Gauntlet
 15813 | Gauntlet | Found a transporter.
 15822 | Gauntlet | Found a transporter.
 15824 | Gauntlet | Found a transporter.
 15838 | Gauntlet | Found a transporter.
 15842 | Gauntlet | Found a runed translucent door.
 15844 | Gauntlet | Found a runed translucent door.
 15845 | Gauntlet | Identified the ring "Tibb" {rC+ Int+3 Dex+4 SInv}
 15846 | Gauntlet | Found a transporter.
 15869 | Gauntlet | Identified the +5 pair of boots of Dust Devil {rCorr}
 15871 | Gauntlet | Found a transporter.
 15881 | Gauntlet | Found a runed translucent door.
 15883 | Gauntlet | Found a transporter.
 15885 | Gauntlet | Found a runed translucent door.
 15888 | Gauntlet | Found a transporter.
 15888 | Gauntlet | Found a transporter.
 15898 | Gauntlet | Found a transporter.
 15919 | Gauntlet | Found a transporter.
 15920 | Gauntlet | Identified the +1 shortbow of Loj Wau {flame, Dex+4}
 15935 | Gauntlet | Found a transporter.
 15954 | Gauntlet | Found a transporter.
 16098 | Gauntlet | Paralysed by a floating eye for 3 turns
 16101 | Gauntlet | Reached skill level 13 in Dodging
 16299 | Gauntlet | Found a transporter.
 16462 | Gauntlet | Reached ***** piety under Ashenzari
 16465 | Gauntlet | Identified the +0 sling "Ogex" {freeze, Will+ Int+4}
 16465 | Gauntlet | Identified the amulet "Paun" {Reflect rF+ SH+5}
 16465 | Gauntlet | Noticed a minotaur
 16479 | Gauntlet | Killed a minotaur
 17156 | D:14     | Found a gate to the Vaults.
 17394 | D:14     | Reached skill level 1 in Long Blades
 17394 | D:14     | Reached skill level 14 in Dodging
 17681 | D:14     | Found an opulent altar of Gozag.
 17720 | D:15     | Entered Level 15 of the Dungeon
 17720 | D:15     | Noticed Jorgrun
 17736 | D:15     | HP: 3/106 [Jorgrun/iron shot (14)]
 17740 | D:15     | Killed Jorgrun
 18578 | Lair:1   | Entered Level 1 of the Lair of Beasts
 20055 | Lair:2   | Found a staircase to the Swamp.
 20407 | Lair:2   | Found a runed translucent door.
 20408 | Lair:2   | Noticed kmckee's ghost (journeyman MiFi)
 20462 | Lair:2   | Reached XP level 14. HP: 83/114 MP: 28/28
 21074 | Lair:2   | Found a staircase to the Snake Pit.
 21438 | Lair:3   | Noticed Urug
 21439 | Lair:3   | Noticed Rupert
 21633 | Lair:3   | Killed Rupert
 21953 | Lair:3   | Killed Urug
 22032 | Lair:3   | Noticed Kirke
 22041 | Lair:3   | Reached skill level 15 in Dodging
 22068 | Lair:3   | Killed Kirke
 22068 | Lair:3   | Identified the cursed +1 helmet of Ashenzari's Augurer
                  | {Fort, Cun} (You bought it in a shop on level 7 of the
                  | Dungeon)
 22068 | Lair:3   | Identified the cursed +2 pair of gloves of Panopticon
                  | {Elem, Cun} (You found it on level 2 of the Dungeon)
 22068 | Lair:3   | Identified the cursed +2 robe "Circumscribed With Me" {rF+,
                  | Elem, Alch} (You bought it in a shop on level 7 of the
                  | Dungeon)
 22068 | Lair:3   | Identified the cursed ring of Ashenzari's Pantheism {MP+9,
                  | Fort, Self} (You found it on level 5 of the Dungeon)
 22928 | Lair:4   | Found a dark tunnel.
 22949 | Volcano  | Entered a volcano
 23325 | Volcano  | Noticed an orb of fire
 23325 | Volcano  | Noticed an orb of fire
 24870 | Lair:5   | Entered Level 5 of the Lair of Beasts
 24901 | Lair:5   | Reached skill level 16 in Dodging
 24925 | Lair:5   | Found a viscous altar of Jiyva.
 25489 | Lair:5   | Identified the +4 triple crossbow of Hacking and Slashing
                  | {flame, Fragile rF++}
 25519 | Lair:5   | HP: 4/112 [drowned by a drowned soul[a merfolk avatar]
                  | (14)]
 25520 | Lair:5   | Drowned by a drowned soul

Illustrated notes

Levels and vault maps discovered:
D:1:      wander_arrival_peaceful_grave, layout_basic
D:2:      layout_loops_ring, basic_altar,
          dreamdust_ecumenical_altar_sealed_demon
D:3:      layout_rooms, amcnicky_altar_gilded, mainiacjoe_overflow_alcove_4,
          nicolae_overflow_squiral
D:4:      layout_basic, dilly_guarded_unrand_morg, uniq_natasha
D:5:      layout_loops_ring, nicolae_shop_sticking_my_neck_out, uniq_menkaure,
          uniq_blork_the_orc
D:6:      layout_loops_ring, hangedman_minor_gate_pass, uniq_duvessa
D:7:      layout_cave_pools, nicolae_hepliaklqana_ecumenical_no_more, trog_book,
          minmay_temple_entry_overgrown, serial_shops, shop, shop,
          nicolae_shop_back_alley_shop, nicolae_shop_hallway_stairs
D:8:      layout_basic
D:9:      minmay_razor_zed, layout_loops_cross, kennysheep_mini_moat,
          makhleb_altar_promises_db, grunt_ministairs_9
D:10:     layout_loops_corners
D:11:     layout_rooms, david_lair_generic, hellmonk_ghost_happy_afterlife,
          minmay_unpleasant_kobolds, uniq_nergalle
D:12:     layout_rooms, erik_orc_4
D:13:     minmay_wavy_crystal, layout_cave_pools, sword_in_stone
D:14:     layout_basic, david_vaults_2, lemuel_coloured_pillars_altar,
          gauntlet_entry_generic, small_statue_intersection
D:15:     hangedman_depths_entry_try_elsewhere_first, layout_irregular_city,
          lemuel_tele_altar, serial_shops, shop, xom_confusion_cloud,
          uniq_jorgrun
Temple:   dpeg_chambers_temple
Lair:1:   layout_cave_pods, nicolae_lair_liquid_snakes, serial_bayou_shore_a,
          serial_bayou_shore_b
Lair:2:   layout_regular_city, minmay_swamp_entry_wisps,
          nicolae_snake_entry_squirm, gammafunk_ghost_grave,
          serial_bayou_shore_b
Lair:3:   layout_regular_city, uniq_rupert, uniq_urug, uniq_kirke
Lair:4:   layout_layer_cave, nicolae_volcano_entry_vermiform,
          nicolae_quartered_pool_little, grunt_megastairs_4
Lair:5:   gammafunk_lair_ancient_temple, layout_long_grid,
          minmay_slime_entry_oklob_open, lemuel_fruit_tree

Skill      XL: |  1  2  3  4  5  6  7  8  9 10 11 12 13 14 |
---------------+-------------------------------------------+-----
Dodging        | 3 4 5 7 8 9 12 14 16 | 16.2
Spellcasting   | 4 5 6 |  6.9
Ice Magic      | 5 6 7 8 9 |  9.5
Fighting       | 1 3 4 10 11 12 13 14 | 14.8
Necromancy     | 2 3 7 8 |  8.1
Short Blades   | 2 6 8 |  8.4
Translocations | 6 |  6.0
Long Blades    | 2 |  2.2
Stealth        | |  2.4

Action                     |  1- 3 |  4- 6 |  7- 9 | 10-12 | 13-15 || total
---------------------------+-------+-------+-------+-------+-------++-------
  Melee: Dagger            |    60 |    41 |    61 |   211 |   449 ||   822
         War axe           |       |    31 |    40 |       |       ||    71
         Kick              |       |    10 |    27 |    80 |    19 ||   136
         Punch             |       |     1 |     7 |     2 |     6 ||    16
         Unarmed           |       |       |       |       |    26 ||    26
  Throw: Dart              |       |     1 |       |     4 |     6 ||    11
   Cast: Freeze            |    40 |    26 |    29 |   130 |   108 ||   333
         Frozen Ramparts   |     1 |    12 |    26 |    63 |    74 ||   176
         Ozocubu's Armour  |       |     4 |    22 |    47 |    58 ||   131
         Blink             |       |       |       |     1 |     2 ||     3
 Invoke: Curse Item        |       |       |     2 |     5 |     1 ||     8
         Shatter the Chain |       |       |       |       |     1 ||     1
  Evoke: Wand              |       |       |       |    10 |     4 ||    14
    Use: Potion            |     1 |     2 |     5 |     7 |    11 ||    26
         Scroll            |       |    10 |    11 |     1 |     3 ||    25
   Stab: Sleeping          |     7 |       |     4 |     4 |    12 ||    27
         Distracted        |       |       |       |       |     1 ||     1
 Armour: Robe              |    17 |    24 |    36 |   110 |   201 ||   388
         Skin              |       |       |       |       |     4 ||     4
  Dodge: Dodged            |    60 |    81 |   111 |   353 |   608 ||  1213
  Block: Other             |       |       |       |       |    48 ||    48
         Reflection        |       |       |       |       |     3 ||     3
